| TOP OF THE 1ST |
|
Reading Fightin Phils batting - Pitching for Harrisburg Senators : RHP Brian Walker
|
|
Pitching: RHP Brian Walker
|
|
|
Batting: RHB Tony Perez
|
0-0: Ball 1-0: Ball 2-0: Called Strike 2-1: Ball 3-1: Base on Balls
|
|
Batting: RHB Chris Myers
|
0-0: Called Strike Tony Perez steals 2nd base 0-1: Foul Ball, location: 2F 0-2: Strikes out swinging
|
|
Batting: RHB Alan Weller
|
0-0: Swinging Strike 0-1: Foul Ball, location: 2F 0-2: Foul Ball, location: 2F 0-2: Foul Ball, location: 2F 0-2: Strikes out swinging
|
|
Batting: RHB Guan-pei Gao
|
0-0: Foul Ball, location: 2F 0-1: Foul Ball, location: 2F 0-2: Ball 1-2: Ball 2-2: Ground out 5-3 (Groundball, 56, EV 101.2 MPH)
|
| Top of the 1st over - 0 runs, 0 hits, 0 errors, 1 left on base; Reading 0 - Harrisburg 0 |
| BOTTOM OF THE 1ST |
|
Harrisburg Senators batting - Pitching for Reading Fightin Phils : RHP Dale Turner
|
|
Pitching: RHP Dale Turner
|
|
|
Batting: LHB Evan Oliveri
|
0-0: Called Strike 0-1: Ball 1-1: Ground out 3-1 (Groundball, 34S, EV 73.8 MPH)
|
|
Batting: RHB Jim Miske
|
0-0: Called Strike 0-1: Swinging Strike 0-2: Fly out, F9 (Line Drive, 9, EV 83.8 MPH)
|
|
Batting: LHB Kyung-jin Cho
|
0-0: Ball 1-0: Swinging Strike 1-1: Swinging Strike 1-2: Strikes out swinging
|
| Bottom of the 1st over - 0 runs, 0 hits, 0 errors, 0 left on base; Reading 0 - Harrisburg 0 |
| TOP OF THE 2ND |
|
Reading Fightin Phils batting - Pitching for Harrisburg Senators : RHP Brian Walker
|
|
Batting: LHB Danny Zuniga
|
0-0: Foul Ball, location: 2F 0-1: Foul Ball, location: 2F 0-2: Ball 1-2: Ball 2-2: Foul Ball, location: 2F 2-2: Foul Ball, location: 2F 2-2: Ball 3-2: Strikes out swinging
|
|
Batting: LHB Alex Fernandez
|
0-0: Ground out 5-3 (Groundball, 56, EV 85.6 MPH)
|
|
Batting: LHB Doug Frampton
|
0-0: Ball 1-0: Ball 2-0: Ball 3-0: Called Strike 3-1: Called Strike 3-2: Strikes out swinging
|
| Top of the 2nd over - 0 runs, 0 hits, 0 errors, 0 left on base; Reading 0 - Harrisburg 0 |
| BOTTOM OF THE 2ND |
|
Harrisburg Senators batting - Pitching for Reading Fightin Phils : RHP Dale Turner
|
|
Batting: LHB Pat Aviles
|
0-0: Swinging Strike 0-1: Ball 1-1: Foul Ball, location: 2F 1-2: SINGLE (Line Drive, 56D, EV 110.0 MPH)
|
|
Batting: RHB Antonio Laurel
|
0-0: Called Strike Pat Aviles steals 2nd, throwing error, E2 Pat Aviles to third 0-1: Ball 1-1: Ball 2-1: Foul Ball, location: 2F 2-2: Strikes out swinging
|
|
Batting: RHB Mike Buchanan
|
0-0: Ball 1-0: SINGLE (Groundball, 56D, EV 108.8 MPH) Pat Aviles scores
|
|
Batting: RHB Antonio Morado
|
0-0: Ball 1-0: Foul Ball, location: 2F 1-1: Ball 2-1: Called Strike Mike Buchanan steals 2nd base 2-2: Ball 3-2: Base on Balls
|
|
Batting: RHB Naofumi Ishida
|
0-0: Foul Ball, location: 2F 0-1: Ball 1-1: 3-RUN HOME RUN (Line Drive, 8RXD, EV 113.1 MPH), Distance : 433 ft
|
|
Batting: RHB Victor Cintron
|
0-0: Foul Ball, location: 2F 0-1: Ball 1-1: DOUBLE (Groundball, 3L, EV 103.8 MPH)
|
|
Batting: LHB Evan Oliveri
|
0-0: Ground out 1-3 (Groundball, 13S, EV 72.5 MPH) Victor Cintron to third
|
|
Batting: RHB Jim Miske
|
0-0: Ball 1-0: Ball 2-0: Foul Ball, location: 2F 2-1: Foul Ball, location: 2F 2-2: Ball 3-2: Base on Balls
|
|
Batting: LHB Kyung-jin Cho
|
0-0: Ball 1-0: Called Strike 1-1: Swinging Strike 1-2: Ball Jim Miske is caught stealing 2nd base 2-6
|
| Bottom of the 2nd over - 4 runs, 4 hits, 1 error, 1 left on base; Reading 0 - Harrisburg 4 |
| TOP OF THE 3RD |
|
Reading Fightin Phils batting - Pitching for Harrisburg Senators : RHP Brian Walker
|
|
Batting: RHB Jose Corral
|
0-0: Called Strike 0-1: Swinging Strike 0-2: Fly out, F8 (Line Drive, 8RD, EV 88.8 MPH)
|
|
Batting: RHB Prabhukumar Santhanakrishnan
|
0-0: Ball 1-0: Swinging Strike 1-1: Ball 2-1: Ball 3-1: Foul Ball, location: 2F 3-2: Strikes out swinging
|
|
Batting: RHB Tony Perez
|
0-0: Ball 1-0: Ball 2-0: Fly out, F3 (Popup, 3F, EV 70.0 MPH)
|
| Top of the 3rd over - 0 runs, 0 hits, 0 errors, 0 left on base; Reading 0 - Harrisburg 4 |
| BOTTOM OF THE 3RD |
|
Harrisburg Senators batting - Pitching for Reading Fightin Phils : RHP Dale Turner
|
|
Batting: LHB Kyung-jin Cho
|
0-0: Ball 1-0: Ball 2-0: Ball 3-0: Called Strike 3-1: Foul Ball, location: 2F 3-2: Base on Balls
|
|
Batting: LHB Pat Aviles
|
0-0: Ball 1-0: Called Strike 1-1: Grounds into double play, 4-6-3 (Groundball, 4, EV 106.9 MPH)
|
|
Batting: RHB Antonio Laurel
|
0-0: Ground out 6-3 (Groundball, P, EV 88.8 MPH)
|
| Bottom of the 3rd over - 0 runs, 0 hits, 0 errors, 0 left on base; Reading 0 - Harrisburg 4 |
| TOP OF THE 4TH |
|
Reading Fightin Phils batting - Pitching for Harrisburg Senators : RHP Brian Walker
|
|
Batting: RHB Chris Myers
|
0-0: Ball 1-0: Foul Ball, location: 2F 1-1: SINGLE (Line Drive, 5D, EV 102.5 MPH)
|
|
Batting: RHB Alan Weller
|
0-0: SINGLE (Line Drive, 78S, EV 89.4 MPH) Chris Myers to second
|
|
Batting: RHB Guan-pei Gao
|
0-0: Called Strike 0-1: Foul Ball, location: 2F 0-2: Foul Ball, location: 2F 0-2: Strikes out swinging
|
|
Batting: LHB Danny Zuniga
|
0-0: Called Strike 0-1: SINGLE (Groundball, 56D, EV 109.4 MPH) Chris Myers to third Alan Weller to second Runner from 3rd tries for Home, SAFE, throw by LF to home
|
|
Batting: LHB Alex Fernandez
|
0-0: Ball 1-0: Grounds into double play, 4-6-3 (Groundball, 4, EV 111.2 MPH)
|
| Top of the 4th over - 1 run, 3 hits, 0 errors, 1 left on base; Reading 1 - Harrisburg 4 |
| BOTTOM OF THE 4TH |
|
Harrisburg Senators batting - Pitching for Reading Fightin Phils : RHP Dale Turner
|
|
Batting: RHB Mike Buchanan
|
0-0: Ground out 6-3 (Groundball, 6, EV 93.8 MPH)
|
|
Batting: RHB Antonio Morado
|
0-0: Called Strike 0-1: SINGLE (Groundball, 56D, EV 103.8 MPH)
|
|
Batting: RHB Naofumi Ishida
|
0-0: Ball 1-0: Foul Ball, location: 2F 1-1: Ball 2-1: Foul Ball, location: 2F 2-2: SINGLE (Line Drive, 6D, EV 100.0 MPH) Antonio Morado to second
|
|
Batting: RHB Victor Cintron
|
0-0: Ball Antonio Morado steals 3rd base Naofumi Ishida to second 1-0: Ball 2-0: Ball 3-0: Called Strike 3-1: Ground out 5-3 (Groundball, 56, EV 101.9 MPH) Antonio Morado scores
|
|
Pitching: RHP Jonathan Beishline
|
|
|
Batting: LHB Evan Oliveri
|
0-0: Ball 1-0: SINGLE (Line Drive, 78S, EV 97.5 MPH) Naofumi Ishida to third Runner from 3rd tries for Home, SAFE, throw by LF to home
|
|
Batting: RHB Jim Miske
|
0-0: Called Strike 0-1: Ball 1-1: Foul Ball, location: 2F 1-2: Ball 2-2: Ball Evan Oliveri is caught stealing 2nd base 2-4
|
| Bottom of the 4th over - 2 runs, 3 hits, 0 errors, 0 left on base; Reading 1 - Harrisburg 6 |
| TOP OF THE 5TH |
|
Reading Fightin Phils batting - Pitching for Harrisburg Senators : RHP Brian Walker
|
|
Batting: LHB Doug Frampton
|
0-0: Called Strike 0-1: Called Strike 0-2: Foul Ball, location: 2F 0-2: Strikes out swinging
|
|
Batting: RHB Jose Corral
|
0-0: Swinging Strike 0-1: Ball 1-1: Foul Ball, location: 2F 1-2: Strikes out swinging
|
|
Batting: RHB Prabhukumar Santhanakrishnan
|
0-0: Ball 1-0: SINGLE (Line Drive, 89S, EV 95.0 MPH)
|
|
Batting: RHB Tony Perez
|
0-0: Ball 1-0: Ball 2-0: Called Strike 2-1: Ground out 4-3 (Groundball, 34, EV 77.5 MPH)
|
| Top of the 5th over - 0 runs, 1 hit, 0 errors, 1 left on base; Reading 1 - Harrisburg 6 |
| BOTTOM OF THE 5TH |
|
Harrisburg Senators batting - Pitching for Reading Fightin Phils : RHP Jonathan Beishline
|
|
Batting: RHB Jim Miske
|
0-0: SINGLE (Groundball, 56D, EV 98.1 MPH)
|
|
Batting: LHB Kyung-jin Cho
|
0-0: Hit by Pitch Jim Miske to second
|
|
Batting: LHB Pat Aviles
|
0-0: Called Strike 0-1: Ball 1-1: Swinging Strike 1-2: Ball 2-2: Ball 3-2: Base on Balls Jim Miske to third Kyung-jin Cho to second
|
|
Batting: RHB Antonio Laurel
|
0-0: Ball 1-0: Grounds into double play, 5-4-3 (Groundball, 5, EV 80.0 MPH) Jim Miske scores Kyung-jin Cho to third
|
|
Batting: RHB Mike Buchanan
|
0-0: Ball 1-0: Called Strike 1-1: Ball 2-1: Ball 3-1: Fly out, F9 (Flyball, 9, EV 84.4 MPH)
|
| Bottom of the 5th over - 1 run, 1 hit, 0 errors, 1 left on base; Reading 1 - Harrisburg 7 |
| TOP OF THE 6TH |
|
Reading Fightin Phils batting - Pitching for Harrisburg Senators : RHP Brian Walker
|
|
Batting: RHB Chris Myers
|
0-0: Ball 1-0: Ball 2-0: Ball 3-0: Called Strike 3-1: Foul Ball, location: 2F 3-2: Base on Balls
|
|
Batting: RHB Alan Weller
|
0-0: Called Strike 0-1: Ball 1-1: Swinging Strike 1-2: SINGLE (Flyball, 56D, EV 89.4 MPH) Chris Myers to second
|
|
Batting: RHB Guan-pei Gao
|
0-0: Ball 1-0: Foul Ball, location: 2F 1-1: Ball 2-1: Foul Ball, location: 2F 2-2: Strikes out swinging
|
|
Batting: LHB Danny Zuniga
|
0-0: Called Strike 0-1: Fly out, F9 (Flyball, 9, EV 95.6 MPH)
|
|
Batting: LHB Alex Fernandez
|
0-0: Ball 1-0: Swinging Strike 1-1: Fielders Choice at 2nd, 6-4 (Groundball, 56, EV 87.5 MPH)
|
| Top of the 6th over - 0 runs, 1 hit, 0 errors, 2 left on base; Reading 1 - Harrisburg 7 |
| BOTTOM OF THE 6TH |
|
Harrisburg Senators batting - Pitching for Reading Fightin Phils : RHP Jonathan Beishline
|
|
Batting: RHB Antonio Morado
|
0-0: Called Strike 0-1: Swinging Strike 0-2: Strikes out looking
|
|
Batting: RHB Naofumi Ishida
|
0-0: Foul Ball, location: 2F 0-1: Swinging Strike 0-2: DOUBLE (Groundball, 5L, EV 103.8 MPH)
|
|
Batting: RHB Victor Cintron
|
0-0: Called Strike 0-1: Ball 1-1: Foul Ball, location: 2F 1-2: Foul Ball, location: 2F 1-2: Strikes out swinging
|
|
Batting: LHB Evan Oliveri
|
0-0: Called Strike 0-1: Foul Ball, location: 2F 0-2: Strikes out swinging
|
| Bottom of the 6th over - 0 runs, 1 hit, 0 errors, 1 left on base; Reading 1 - Harrisburg 7 |
| TOP OF THE 7TH |
|
Reading Fightin Phils batting - Pitching for Harrisburg Senators : RHP Brian Walker
|
|
Batting: LHB Doug Frampton
|
0-0: Ball 1-0: Called Strike 1-1: Foul Ball, location: 2F 1-2: Ball 2-2: Strikes out looking
|
|
Pitching: RHP Alpha Miller
|
|
|
Batting: RHB Jose Corral
|
0-0: Called Strike 0-1: Swinging Strike 0-2: Strikes out swinging
|
|
Batting: RHB Prabhukumar Santhanakrishnan
|
0-0: DOUBLE (Flyball, 89XD, EV 100.0 MPH)
|
|
Batting: RHB Tony Perez
|
0-0: Ball 1-0: Ground out U3 (Groundball, 3L, EV 88.8 MPH)
|
| Top of the 7th over - 0 runs, 1 hit, 0 errors, 1 left on base; Reading 1 - Harrisburg 7 |
| BOTTOM OF THE 7TH |
|
Harrisburg Senators batting - Pitching for Reading Fightin Phils : RHP Jonathan Beishline
|
|
Batting: RHB Jim Miske
|
0-0: Ball 1-0: Ball 2-0: Ball 3-0: Called Strike 3-1: Base on Balls
|
|
Batting: LHB Kyung-jin Cho
|
0-0: Called Strike Jim Miske is caught stealing 2nd base 2-6 0-1: Foul Ball, location: 2F 0-2: Ball 1-2: DOUBLE (Flyball, 78D, EV 113.8 MPH)
|
|
Batting: LHB Pat Aviles
|
0-0: Ground out 5-3 (Groundball, 25, EV 89.4 MPH)
|
|
Batting: RHB Antonio Laurel
|
0-0: Ball 1-0: Ball 2-0: Ball 3-0: Fly out, F6 (Popup, 56D, EV 57.5 MPH)
|
| Bottom of the 7th over - 0 runs, 1 hit, 0 errors, 1 left on base; Reading 1 - Harrisburg 7 |
| TOP OF THE 8TH |
|
Reading Fightin Phils batting - Pitching for Harrisburg Senators : RHP Alpha Miller
|
|
Batting: RHB Chris Myers
|
0-0: Ball 1-0: Ball 2-0: Foul Ball, location: 2F 2-1: Fly out, F9 (Flyball, 9LM, EV 80.0 MPH)
|
|
Batting: RHB Alan Weller
|
0-0: Foul Ball, location: 2F 0-1: Ball 1-1: Foul Ball, location: 2F 1-2: Ball 2-2: Ball 3-2: Base on Balls
|
|
Batting: RHB Guan-pei Gao
|
0-0: Foul Ball, location: 2F 0-1: Ball 1-1: Ball 2-1: Foul Ball, location: 2F 2-2: Grounds into double play, 5-4-3 (Groundball, 5L, EV 84.4 MPH)
|
| Top of the 8th over - 0 runs, 0 hits, 0 errors, 0 left on base; Reading 1 - Harrisburg 7 |
| BOTTOM OF THE 8TH |
|
Harrisburg Senators batting - Pitching for Reading Fightin Phils : RHP Jonathan Beishline
|
|
Pitching: RHP John Hughes
|
|
|
Batting: RHB Mike Buchanan
|
0-0: Foul Ball, location: 2F 0-1: Foul Ball, location: 2F 0-2: Ball 1-2: Ball 2-2: Ground out 6-3 (Groundball, 6, EV 83.8 MPH)
|
|
Batting: RHB Antonio Morado
|
0-0: Ball 1-0: Ball 2-0: Foul Ball, location: 2F 2-1: Ball 3-1: Called Strike 3-2: Base on Balls
|
|
Batting: RHB Naofumi Ishida
|
0-0: Ball Antonio Morado steals 2nd base 1-0: Foul Ball, location: 2F 1-1: Fly out, F8 (Flyball, 78D, EV 107.5 MPH)
|
|
Batting: RHB Victor Cintron
|
0-0: Ball 1-0: Ball 2-0: Called Strike 2-1: Called Strike 2-2: Foul Ball, location: 2F 2-2: Ball 3-2: Base on Balls
|
|
Batting: LHB Evan Oliveri
|
0-0: Called Strike 0-1: Ball 1-1: Ball 2-1: Ball 3-1: Foul Ball, location: 2F 3-2: Foul Ball, location: 2F 3-2: Base on Balls Antonio Morado to third Victor Cintron to second
|
|
Batting: RHB Jim Miske
|
0-0: Ball 1-0: Fly out, F9 (Flyball, 9, EV 88.8 MPH)
|
| Bottom of the 8th over - 0 runs, 0 hits, 0 errors, 3 left on base; Reading 1 - Harrisburg 7 |
| TOP OF THE 9TH |
|
Reading Fightin Phils batting - Pitching for Harrisburg Senators : RHP Alpha Miller
|
|
Batting: LHB Danny Zuniga
|
0-0: Fly out, F7 (Flyball, 78XD, EV 100.0 MPH)
|
|
Batting: LHB Alex Fernandez
|
0-0: Ball 1-0: Called Strike 1-1: Foul Ball, location: 2F 1-2: Ball 2-2: Foul Ball, location: 2F 2-2: Fly out, F7 (Line Drive, 7, EV 95.0 MPH)
|
|
Batting: LHB Doug Frampton
|
0-0: Ball 1-0: Fly out, F8 (Flyball, 78M, EV 88.8 MPH)
|
| Top of the 9th over - 0 runs, 0 hits, 0 errors, 0 left on base; Reading 1 - Harrisburg 7 |
|